 Dungeon Crawl Stone Soup version 0.22-a0-533-g4d20840 (webtiles) character file.

5 iamserjio the Charmwright (level 1, 0/11 HPs)
             Began as a Vine Stalker Skald on June 22, 2018.
             Slain by Natasha (1 damage)
             ... on level 2 of the Dungeon.
             The game lasted 00:01:12 (109 turns).

iamserjio the Charmwright (Vine Stalker Skald)       Turns: 109, Time: 00:01:13

Health: 0/11       AC:  8    Str: 13    XL:     1   Next: 80%
Magic:  0/4        EV:  6    Int: 13    God:
Gold:   18         SH:  0    Dex: 13    Spells: 3/4 levels left

rFire    . . .     SeeInvis .     - Unarmed
rCold    . . .     Gourm    .   (no shield)
rNeg     . . .     Faith    .   b - +0 chain mail
rPois    .         Spirit   +   (no helmet)
rElec    .         Reflect  .   (no cloak)
rCorr    .         Harm     .   (no gloves)
MR       .....                  (no boots)
Stlth    ..........             (no amulet)
HPRegen  0.03/turn              (no ring)
MPRegen  0.09/turn              (no ring)

@: very slightly contaminated
A: fangs 2, magic shield, antimagic bite, no potion heal 3, rot immunity
a: no special abilities


You were on level 2 of the Dungeon.
You were not hungry.

You visited 1 branch of the dungeon, and saw 2 of its levels.

You collected 18 gold pieces.

Inventory:

Armour
 a - a +0 leather armour
 b - a +0 chain mail (worn)
Comestibles
 c - a ration


   Skills:
 + Level 1.9 Fighting
 - Level 0.7 Armour
 - Level 1.5 Dodging
 * Level 2.3 Unarmed Combat
 - Level 2.1 Spellcasting
 - Level 3.0 Charms


You had 3 spell levels left.
You knew the following spells:

 Your Spells              Type           Power        Failure   Level  Hunger
a - Infusion              Chrm           #...         95%         1    ##.....

Your spell library contained the following spells:

 Spells                   Type           Power        Failure   Level  Hunger
 Regeneration             Chrm/Necr      #.........   100%        3    ####...
 Shroud of Golubria       Chrm/Tloc      #.........   100%        2    ###....
 Song of Slaying          Chrm           #.......     99%         2    ###....
 Spectral Weapon          Hex/Chrm       #.......     100%        3    ####...


Dungeon Overview and Level Annotations

Branches:
Dungeon (2/15)

Altars:

Annotations:
D:2 Natasha, Terence


Innate Abilities, Weirdness & Mutations

You have extremely sharp teeth.
When hurt, damage is shared between your health and your magic reserves.
Your bite disrupts and absorbs the magic of your enemies.
Potions cannot restore your health.
You are immune to rotting.


Message History

You hit Natasha but do no damage. You closely miss Natasha. You bite Natasha.
Natasha's magic leaks into the air.
You drain her magic.
You feel invigorated.
Natasha is lightly wounded.
Natasha claws you. The rat bites you.
You miss Natasha.
Natasha is lightly wounded.
Natasha claws you.
* * * LOW HITPOINT WARNING * * *
The rat barely misses you.
You closely miss Natasha. You bite Natasha.
Natasha's magic leaks into the air.
You drain her magic.
You feel invigorated.
Natasha is moderately wounded.
Natasha claws you.
* * * LOW HITPOINT WARNING * * *
The rat bites you.
You hit Natasha but do no damage.
Natasha is moderately wounded.
Natasha claws you.
You die...

#..........#
#..........#
###[.........#
.>..>.......#
#..........#
#?..$......#
#...h......#
#[..@r.....#
############


You could see Natasha and a rat.

Vanquished Creatures
  A goblin (D:1)
  A jackal (D:1)
  A frilled lizard (D:1)
  A kobold (D:1)
  2 rats (D:1)
6 creatures vanquished.

Notes
Turn   | Place    | Note
-------+----------+-------------------------------------------
     0 | D:1      | iamserjio the Vine Stalker Skald began the quest for the Orb.
     0 | D:1      | Reached XP level 1. HP: 11/11 MP: 4/4
    17 | D:2      | Noticed Terence
   101 | D:1      | You fall through a shaft!
   101 | D:2      | Noticed Natasha
   109 | D:2      | Slain by Natasha

Vault maps used:
D:1:      dpeg_arrival_connections
D:2:      cheibrodos_gnoll_hut, uniq_terence, uniq_natasha

Action                   || total
-------------------------++-------
Melee: Unarmed           ||    30
       Bite              ||     5
Armor: Leather armour    ||     6
       Chain mail        ||     2
Dodge: Dodged            ||    15

Table legend:
 A = Spawn XP
 B = Non-spawn XP
 C = Spawn XP percentage of total XP
 D = Spawn monster count
 E = Non-spawn monster count
 F = Spawn count percentage of total count
 G = Total turns spent on level
                    A         B        C        D         E        F      G
               +---------+---------+-------+---------+---------+-------+---------
         Total |       0 |       8 |   0.0 |       0 |       6 |   0.0 |   109
               +---------+---------+-------+---------+---------+-------+---------
           D:1 |       0 |       8 |   0.0 |       0 |       6 |   0.0 |    96
               +---------+---------+-------+---------+---------+-------+---------
